 Dungeon Crawl Stone Soup version 0.18.1-48-g4cf74bf (webtiles) character file.

228267 Ladykiller69 the Severer (level 20, -24/160 HPs)
             Began as a Formicid Fighter on Sept 5, 2016.
             Was a High Priest of Cheibriados.
             Killed from afar by a frost giant (47 damage)
             ... with a bolt of cold
             ... on level 2 of the Depths on Sept 6, 2016.
             The game lasted 02:29:43 (33971 turns).

Ladykiller69 the Severer (Formicid Fighter)        Turns: 33971, Time: 02:29:44

Health: -24/160    AC:  0    Str: 45    XL:     20   Next: 61%
Magic:  5/29       EV: 23    Int: 24    God:    Cheibriados [*****.]
Gold:   1780       SH: 20    Dex: 24    Spells: 5 memorised, 8 levels left

rFire  + . .     SeeInvis +     q - +1 war axe (vamp)
rCold  . . .     Gourm    .     w - +0 pearl dragon armour
rNeg   + . .     Faith    .     c - +1 shield
rPois  .         Spirit   .     (helmet unavailable)
rElec  .         Dismiss  .     (no cloak)
rCorr  .         Reflect  +     P - +0 pair of gloves
SustAt .         Harm     .     A - +0 pair of boots of Theory {+Inv Str+2}
MR     ++++.                    L - +4 amulet of reflection
Stlth  ..........               s - ring of the Mage {Wiz MR++ Int+3}
                                X - ring of protection from fire

@: lethally poisoned (-24 -> -24), corroded, very slow, incredibly resistant to
hostile enchantments, extremely unstealthy
A: permanent stasis, dig shafts and tunnels, four strong arms, antennae 3,
blurry vision 1, dopey 1
a: Dig, Shaft Self, Bend Time, Temporal Distortion, Slouch, Step From Time,
Renounce Religion, Evoke Invisibility


You were on level 2 of the Depths.
You worshipped Cheibriados.
Cheibriados was extremely pleased with you.
You were near starving.

You visited 5 branches of the dungeon, and saw 30 of its levels.
You also visited: Sewer, Bailey, Ice Cave and Volcano.

You collected 2681 gold pieces.
You spent 901 gold pieces at shops.

Inventory:

Hand Weapons
 a - a +0 executioner's axe of draining
 h - a +0 battleaxe
 q - a +1 vampiric war axe (weapon)
 u - the +7 blowgun "Orb Guardian's Regret" {evade, +Blink Stlth+}
   (You found it on level 15 of the Dungeon)

   It affects your evasion (+5 to EV).
   It lets you blink.
   It makes you more stealthy.
Missiles
 b - 3 tomahawks of returning
 o - a throwing net
 r - 19 tomahawks (quivered)
 t - 108 poisoned needles
 M - 9 javelins
Armour
 c - a +1 shield (worn)
 w - a +0 pearl dragon armour (worn)
 z - the +0 plate armour of Sunlight {rPois rCorr Dex+7 Slay-3}
   (You found it in an ice cave)

   It affects your dexterity (+7).
   It affects your accuracy and damage with ranged weapons and melee attacks
   (-3).
   It protects you from poison.
   It protects you from acid and corrosion.
 A - the +0 pair of boots of Theory (worn) {+Inv Str+2}
   (You found it in an ice cave)

   It affects your strength (+2).
   It lets you turn invisible.
 P - a +0 pair of gloves (worn)
Jewellery
 s - the ring of the Mage (right hand) {Wiz MR++ Int+3}
   (You bought it in a shop on level 2 of the Orcish Mines)

   [ring of wizardry]

   It improves your spell success rate.
   It affects your intelligence (+3).
   It affects your resistance to hostile enchantments.
 I - an uncursed ring of resist corrosion
 L - a +4 amulet of reflection (around neck)
 O - an uncursed ring of positive energy
 U - an uncursed ring of protection from cold
 X - a ring of protection from fire (left hand)
Wands
 K - a wand of heal wounds (2/9)
Scrolls
 d - 3 scrolls of vulnerability
 i - 4 scrolls of enchant weapon
 k - 3 scrolls of magic mapping
 m - 14 scrolls of remove curse
 v - a scroll of silence
 y - 5 scrolls of enchant armour
 B - 3 scrolls of recharging
 D - 2 scrolls of fog
 G - 7 scrolls of noise
 H - a scroll of summoning
 J - 6 scrolls of amnesia
 Q - 2 scrolls of identify
 S - 2 scrolls of fear
 T - 2 scrolls of holy word
 Y - a scroll of acquirement
Potions
 e - 3 potions of magic
 g - 3 potions of flight
 l - 6 potions of curing
 C - 3 potions of invisibility
 E - 6 potions of heal wounds
 F - 2 potions of lignification
 R - 7 potions of agility
 V - 4 potions of might
 Z - 2 potions of cancellation
Books
 j - a book of Conjurations

   Spells                             Type                      Level
   a - Magic Dart                     Conjuration                  1
   b - Searing Ray                    Conjuration                  2
   c - Dazzling Spray                 Conjuration/Hexes            3
   d - Fulminant Prism                Conjuration/Hexes            4
   e - Iskenderun's Mystic Blast      Conjuration                  4
   f - Iskenderun's Battlesphere      Conjuration/Charms           5
 x - the Incunabulum of Battle Magic
   (You found it on level 1 of the Elven Halls)

   Spells                             Type                      Level
   a - Flame Tongue                   Conjuration/Fire             1
   b - Magic Dart                     Conjuration                  1
   c - Stone Arrow                    Conjuration/Earth            3
   d - Iskenderun's Battlesphere      Conjuration/Charms           5
 W - a Necronomicon

   Spells                             Type                      Level
   a - Haunt                          Necromancy/Summoning         7
   b - Borgnjor's Revivification      Necromancy                   8
   c - Death's Door                   Charms/Necromancy            8
   d - Necromutation                  Transmutation/Necromancy     8
Miscellaneous
 n - a phial of floods
Comestibles
 f - 21 bread rations
 p - 7 meat rations
 N - a beef jerky


   Skills:
 + Level 14.3 Fighting
 * Level 18.5 Axes
 - Level 11.8 Throwing
 + Level 14.7 Armour
 + Level 11.8 Dodging
 - Level 9.0 Shields
 - Level 7.0 Charms
 - Level 12.2 Invocations


You had 8 spell levels left.
You knew the following spells:

 Your Spells              Type           Power        Failure   Level  Hunger
a - Repel Missiles        Chrm/Air       ###...       4%          2    ###....
b - Shroud of Golubria    Chrm/Tloc      ###.......   4%          2    ###....
c - Summon Butterflies    Summ           #.......     9%          1    ##.....
d - Regeneration          Chrm/Necr      ###.......   7%          3    ####...
e - Spectral Weapon       Hex/Chrm       ###.....     7%          3    ####...


Dungeon Overview and Level Annotations

Branches:
Dungeon (15/15)            Temple (0/1) D:4            Lair (8/8) D:8
 Shoals (0/4) Lair:6       Spider (0/4) Lair:6        Slime (0/6) Lair:7
    Orc (2/2) D:11            Elf (3/3) Orc:2        Vaults (0/5) D:13
 Depths (2/5) D:15

Altars:
Cheibriados
Dithmenos
Fedhas
Gozag
Kikubaaqudgha
Makhleb
Nemelex Xobeh
Pakellas
Qazlal
Ru
Vehumet
Zin
The Shining One
Beogh

Shops:
D:12 }   D:13 *   D:14 *   D:15 !   Orc:2 =*}   Elf:1 }*}!=   Elf:2 **}

Portals:
Hell: Depths:1
Trove: D:12 (give +3 storm dragon armour)

Annotations:
D:5 kirsanium's ghost, novice MiFi
Elf:3 exclusion: 2 doors
Depths:2 Nikola


Innate Abilities, Weirdness & Mutations

You are under a permanent stasis effect.
You can dig through walls and to a lower floor.
Your four strong arms can wield two-handed weapons with a shield.
You have a pair of large antennae on your head (SInv).
Scrolls take you a little longer to read.
You are dopey. (Int -2)


Message History

You hit the deep troll earth mage.
You feel better.
The deep troll earth mage is severely wounded.
You slash the entropy weaver!
You feel better.
The entropy weaver is moderately wounded.
You block the deep troll earth mage's attack.
The deep troll earth mage claws you! The deep troll earth mage claws you!!
* * * LOW HITPOINT WARNING * * *
You block the entropy weaver's attack. The entropy weaver hits you!
* * * LOW HITPOINT WARNING * * *
The entropy weaver hits you!
* * * LOW HITPOINT WARNING * * *
The entropy weaver misses you.
You slash the deep troll earth mage!
The deep troll earth mage is almost dead.
You barely miss the entropy weaver.
The entropy weaver is moderately wounded.
You feel sick.
The frost giant gestures at you while chanting.
The bolt of cold hits you!
You die...

≈≈∩##≈≈..# ###..
.≈≈≈≈≈...##.....
..........#.§...
#...........≈...
#.........≈...
####.....)...≈...
.........<)..≈...
#......pTQ)..≈≈≈.
#......@[*)..≈≈≈.
###$..(.......≈≈.
#..............
#.......C......
.##
##.............
..#
#.............
".# #
........>.....
####..##
......:....##..
......(#...


You could see a frost giant, an entropy weaver, a deep troll earth mage, a tengu
conjurer and a battlesphere.

Vanquished Creatures
  A deep elf blademaster (Elf:2)
  An orc warlord (Orc:2)
  2 deep elf elementalists
  The ghost of Lovchig the Blocker, a journeyman DDFi of the Shining One (Depths:1)
  A deep elf sorcerer (Elf:1)
  3 very ugly things (Depths:1)
  4 stone giants
  Nessos (D:15)
  5 dire elephants (Lair:8)
  2 spark wasps (Depths:2)
  Snorg (D:10)
  An ettin (Depths:2)
  A deep elf death mage (Elf:2)
  A yaktaur captain (Depths:1)
  2 ice dragons
  A great orb of eyes (Depths:1)
  3 rakshasas
  2 fire dragons
  3 entropy weavers (Depths:1)
  Erica (Lair:2)
  4 hydras
  Erolcha (D:8)
  An anaconda (Lair:8)
  A spriggan air mage (Depths:2)
  8 centaur warriors
  7 ogre magi
  2 tengu warriors
  3 deep troll shamans (Depths:1)
  13 death yaks
  A queen ant (Lair:8)
  5 deep troll earth magi
  23 dancing weapons
  The ghost of Inkary the Ruffian, a novice TrBe of Trog (D:8)
  13 deep elf knights
  2 vampire magi
  2 spriggan berserkers (Depths:2)
  The ghost of Elystan the Protected, a novice GrMo of Pakellas (D:10)
  2 iron trolls (Depths:1)
  A salamander mystic (Depths:1)
  A wizard (Depths:2)
  8 deep trolls
  A death drake (shapeshifter) (D:14)
  3 unseen horrors
  4 deep elf archers
  2 lindwurms
  A giant orange brain (Depths:1)
  3 orc knights (D:15)
  8 hill giants
  A griffon (D:15)
  A necromancer (IceCv)
  2 wolf spider zombies (D:14)
  2 orc sorcerers
  2 manticores
  29 ugly things
  4 cyclopes
  70 deep elf magi
  A guardian serpent (shapeshifter) (Depths:1)
  Joseph (D:8)
  15 elephants
  12 black mambas
  3 salamanders (Depths:1)
  4 ice statues (IceCv)
  18 spiny frogs
  5 gargoyles
  15 komodo dragons
  2 yaktaurs (D:13)
  4 rime drakes
  2 kobold demonologists
  6 ice devils (IceCv)
  A polar bear (Lair:5)
  A tengu conjurer (Depths:2)
  7 trolls
  23 two-headed ogres
  28 blink frogs
  7 slime creatures (Depths:1)
  A snapping turtle (Lair:6)
  A boulder beetle (Lair:8)
  8 redbacks
  5 water elementals
  2 vampires
  6 air elementals
  A wraith (D:11)
  3 shadows
  4 basilisks
  A yak (shapeshifter) (Depths:1)
  48 yaks
  Eustachio (D:5)
  3 fire bats (Volcano)
  A wyvern (D:11)
  A hog (D:7)
  6 vampire mosquitoes
  A steam dragon (D:15)
  14 hippogriffs
  A human (D:7)
  2 hippogriffs (shapeshifter)
  5 fire elementals
  3 hungry ghosts
  3 wargs
  Menkaure (D:4)
  11 soldier ants
  13 water moccasins
  3 mottled dragons
  3 hell hounds
  13 porcupines
  A black bear (shapeshifter) (Depths:1)
  A hornet simulacrum (D:15)
  13 ice beasts
  3 eyes of draining
  35 orc warriors
  4 phantoms
  5 sky beasts
  3 black bears
  12 wolves
  41 ogres
  9 centaurs
  16 crocodiles
  Blork the orc (D:4)
  15 big kobolds
  21 giant frogs
  4 gnoll sergeants
  A wyvern zombie (D:14)
  5 earth elementals
  3 scorpions
  13 killer bees
  4 wights (D:12)
  2 howler monkeys
  5 electric eels
  2 draconian simulacra (IceCv)
  5 centaur zombies
  6 crimson imps
  2 quasits (D:6)
  2 giant frog zombies
  10 hounds
  10 centaur skeletons
  2 jellies
  14 orc priests
  2 giant frog skeletons
  11 hell rats (Lair:4)
  12 iguanas
  28 orc wizards
  29 worker ants
  4 troll simulacra (IceCv)
  A killer bee zombie (D:11)
  A sheep (shapeshifter) (Elf:3)
  26 sheep
  A centaur simulacrum (IceCv)
  2 hound skeletons
  A howler monkey zombie (D:10)
  13 gnolls
  A howler monkey skeleton (D:8)
  2 ogre simulacra (IceCv)
  18 adders
  107 river rats
  A naga simulacrum (IceCv)
  5 shadow imps
  A white imp (Depths:2)
  8 oozes
  4 worms
  3 dart slugs
  7 giant geckos
  90 orcs
  2 bats (D:1)
  11 giant cockroaches
  9 hobgoblins
  7 jackals
  35 kobolds
  8 quokkas
  4 ball pythons
  A giant gecko skeleton (D:5)
  7 giant newts
  12 goblins
  27 rats
  9 fungi
  10 plants
1380 creatures vanquished.

Vanquished Creatures (others)
  A fire giant (Depths:2)
  A yaktaur captain (D:15)
  2 centaur warriors
  3 deep elf archers (Elf:1)
  A deep elf mage (Elf:2)
  An ugly thing (Depths:2)
  5 yaktaurs
  A hippogriff (Lair:8)
  4 centaurs
  2 river rats (Lair:8)
  37 fungi
  18 plants
76 creatures vanquished.

Grand Total: 1456 creatures vanquished

Notes
Turn   | Place    | Note
--------------------------------------------------------------
     0 | D:1      | Ladykiller69 the Formicid Fighter began the quest for the Orb.
     0 | D:1      | Reached XP level 1. HP: 18/18 MP: 1/1
   164 | D:1      | Reached XP level 2. HP: 24/24 MP: 2/2
   810 | D:1      | Reached XP level 3. HP: 29/29 MP: 3/3
  1323 | D:2      | Reached skill level 3 in Axes
  1375 | D:2      | Reached XP level 4. HP: 35/35 MP: 4/4
  1784 | D:3      | Reached XP level 5. HP: 31/41 MP: 5/5
  1916 | D:3      | Found a glowing drain.
  1961 | Sewer    | Entered a sewer
  1986 | Sewer    | Reached XP level 6. HP: 35/48 MP: 6/6
  2007 | Sewer    | Reached skill level 4 in Axes
  2070 | Sewer    | Reached skill level 5 in Shields
  2237 | Sewer    | Reached XP level 7. HP: 39/55 MP: 7/7
  2467 | Sewer    | Reached skill level 5 in Axes
  2625 | D:3      | Reached skill level 5 in Armour
  2827 | D:3      | Found an oddly glowing altar of Pakellas.
  2869 | D:3      | Found a blossoming altar of Fedhas.
  3315 | D:4      | Found a shadowy altar of Dithmenos.
  3316 | D:4      | Noticed Menkaure
  3329 | D:3      | Reached skill level 5 in Fighting
  3359 | D:4      | Noticed Blork the orc
  3456 | D:4      | Reached XP level 8. HP: 36/62 MP: 8/8
  3497 | D:4      | Killed Blork the orc
  3497 | D:4      | Reached skill level 6 in Axes
  3758 | D:4      | Killed Menkaure
  3972 | D:4      | Found a snail-covered altar of Cheibriados.
  4177 | D:4      | Found a radiant altar of Vehumet.
  4195 | D:4      | Became a worshipper of Cheibriados the Contemplative
  4371 | D:4      | Found a staircase to the Ecumenical Temple.
  4458 | D:5      | Entered Level 5 of the Dungeon
  4484 | D:5      | Noticed Eustachio
  4510 | D:5      | Killed Eustachio
  4593 | D:5      | Reached skill level 7 in Axes
  4769 | D:5      | Reached skill level 1 in Dodging
  4769 | D:5      | Reached XP level 9. HP: 50/68 MP: 9/9
  4843 | D:5      | Noticed kirsanium's ghost (novice MiFi)
  4922 | D:5      | Reached * piety under Cheibriados
  5252 | D:5      | Found a sparkling altar of Nemelex Xobeh.
  6239 | D:6      | Found a glowing golden altar of the Shining One.
  6405 | D:6      | Reached ** piety under Cheibriados
  6975 | D:7      | Reached skill level 8 in Axes
  7393 | D:7      | Found a sparkling altar of Nemelex Xobeh.
  7394 | D:7      | Found an oddly glowing altar of Pakellas.
  7400 | D:7      | Reached XP level 10. HP: 55/76 MP: 10/10
  7446 | D:7      | Reached *** piety under Cheibriados
  7507 | D:7      | Reached skill level 1 in Throwing
  7960 | D:7      | Reached skill level 9 in Axes
  8090 | D:8      | Reached **** piety under Cheibriados
  8091 | D:8      | Noticed Joseph
  8106 | D:8      | Killed Joseph
  8349 | D:8      | Found a flagged portal.
  8359 | Bailey   | Entered a bailey
  8377 | Bailey   | Noticed a deep elf mage
  8381 | Bailey   | Killed a deep elf mage
  8390 | Bailey   | Noticed a deep elf mage
  8392 | Bailey   | Noticed a deep elf mage
  8393 | Bailey   | Noticed a deep elf mage
  8395 | Bailey   | Killed a deep elf mage
  8396 | Bailey   | Noticed a deep elf mage
  8398 | Bailey   | Noticed a deep elf mage
  8402 | Bailey   | Killed a deep elf mage
  8402 | Bailey   | Reached XP level 11. HP: 67/84 MP: 11/11
  8404 | Bailey   | Noticed a sun demon
  8411 | Bailey   | Noticed a sixfirhy
  8411 | Bailey   | Killed a deep elf mage
  8849 | D:8      | Found a stormy altar of Qazlal.
  8919 | D:8      | Reached skill level 10 in Axes
  9034 | D:8      | Found a glowing silver altar of Zin.
  9036 | D:8      | Noticed an angel
  9130 | D:8      | Found a staircase to the Lair.
  9134 | D:8      | Noticed Erolcha
  9139 | D:8      | You fall through a shaft!
  9233 | D:9      | Found an ancient bone altar of Kikubaaqudgha.
  9402 | D:9      | Found a sacrificial altar of Ru.
  9476 | D:9      | Reached ***** piety under Cheibriados
  9546 | D:9      | Reached skill level 1 in Invocations
  9829 | D:9      | Found a burning altar of Makhleb.
 10085 | D:10     | Entered Level 10 of the Dungeon
 10159 | D:10     | Noticed Elystan's ghost (novice GrMo)
 10178 | D:10     | Killed Elystan's ghost
 10202 | D:10     | Noticed a hill giant
 10214 | D:10     | Killed a hill giant
 10482 | D:10     | Noticed Snorg
 10494 | D:10     | Killed Snorg
 10494 | D:10     | Reached skill level 5 in Throwing
 10494 | D:10     | Reached skill level 5 in Dodging
 10494 | D:10     | Reached XP level 12. HP: 50/92 MP: 14/14
 10610 | D:10     | Reached skill level 11 in Axes
 11130 | D:11     | Reached ****** piety under Cheibriados
 11262 | D:11     | Found a staircase to the Orcish Mines.
 11350 | D:11     | Reached skill level 5 in Invocations
 11401 | Orc:1    | Entered Level 1 of the Orcish Mines
 11544 | Orc:2    | Entered Level 2 of the Orcish Mines
 11646 | D:11     | Found an opulent altar of Gozag.
 12233 | D:12     | Noticed an unseen horror
 12247 | D:12     | Killed an unseen horror
 12291 | D:12     | Reached XP level 13. HP: 100/100 MP: 17/17
 12324 | D:12     | Reached skill level 12 in Axes
 12328 | D:12     | Found Toelasch Sydy's Gadget Shoppe.
 12482 | D:12     | Found a portal to a secret trove of treasure.
 12772 | D:8      | Killed Erolcha
 12772 | D:8      | Reached skill level 10 in Armour
 12798 | D:8      | Noticed Inkary's ghost (novice TrBe)
 12808 | D:8      | Killed Inkary's ghost
 13390 | Lair:1   | Entered Level 1 of the Lair of Beasts
 13529 | Lair:1   | Found a frozen archway.
 13537 | IceCv    | Entered an ice cave
 14854 | IceCv    | Got an ichor-stained plate armour
 14865 | IceCv    | Identified the cursed +0 plate armour of Sunlight {rPois rCorr Dex+7 Slay-3} (You found it in an ice cave)
 14866 | IceCv    | Got a pair of faintly glowing boots
 14872 | IceCv    | Identified the +0 pair of boots of Theory {+Inv Str+2} (You found it in an ice cave)
 14873 | IceCv    | Got an encrusted plate armour
 14885 | IceCv    | Identified the +6 plate armour of the Cicada {rC- Int+4 Dex+5} (You found it in an ice cave)
 15329 | Lair:1   | Noticed a seven-headed hydra
 15332 | Lair:1   | You fall through a shaft!
 15428 | Lair:2   | Noticed Erica
 15453 | Lair:2   | Killed Erica
 16504 | Lair:3   | Reached XP level 14. HP: 103/109 MP: 19/19
 16543 | Lair:3   | Reached skill level 13 in Axes
 16911 | Lair:3   | Reached skill level 10 in Fighting
 18837 | Lair:5   | Reached skill level 14 in Axes
 19544 | Lair:5   | Reached XP level 15. HP: 97/117 MP: 21/21
 19782 | Lair:6   | Found a staircase to the Shoals.
 19951 | Lair:6   | You fall through a shaft!
 20004 | Lair:7   | Found a dark tunnel.
 20157 | Volcano  | Entered a volcano
 20402 | Lair:7   | Found a staircase to the Slime Pits.
 21295 | Lair:6   | Found a hole to the Spider Nest.
 22114 | Lair:8   | Entered Level 8 of the Lair of Beasts
 22227 | Lair:8   | Reached skill level 10 in Invocations
 22827 | Lair:8   | Reached skill level 15 in Axes
 22827 | Lair:8   | Reached XP level 16. HP: 125/125 MP: 23/23
 23613 | Lair:8   | Reached XP level 17. HP: 86/131 MP: 24/24
 24084 | Lair:8   | Learned a level 2 spell: Repel Missiles
 24087 | Lair:8   | Learned a level 2 spell: Shroud of Golubria
 24089 | Lair:8   | Learned a level 1 spell: Summon Butterflies
 24093 | Lair:8   | Learned a level 3 spell: Regeneration
 24097 | Lair:8   | Learned a level 3 spell: Spectral Weapon
 24659 | Orc:1    | Found a roughly hewn altar of Beogh.
 24985 | Orc:2    | Reached skill level 16 in Axes
 25145 | Orc:2    | Found a staircase to the Elven Halls.
 25400 | Orc:2    | Found Koatuich's Antique Weapon Shop.
 25400 | Orc:2    | Found Syipeci's Jewellery Emporium.
 25400 | Orc:2    | Found Fafuraumn's Gadget Shoppe.
 25400 | Orc:2    | Found Fabaiqut's Assorted Antiques.
 25410 | Orc:2    | Bought an emerald ring for 145 gold pieces
 25416 | Orc:2    | Bought the ring of the Mage {Wiz MR++ Int+3} for 672 gold pieces
 25706 | Elf:1    | Entered Level 1 of the Elven Halls
 26040 | Elf:1    | Found Esaev's Gadget Shop.
 26048 | Elf:1    | Gained mutation: You are dopey. (Int -2) [a neqoxec]
 26132 | Elf:1    | Reached skill level 10 in Dodging
 26147 | Elf:1    | Found Veaq's Jewellery Shop.
 26161 | Elf:1    | Found Bahoikla's Distillery.
 26438 | Elf:1    | Found Vaolitt's Gadget Boutique.
 26636 | Elf:1    | Gained mutation: Scrolls take you a little longer to read. [a neqoxec]
 26647 | Elf:1    | Reached skill level 10 in Throwing
 26647 | Elf:1    | Reached XP level 18. HP: 133/140 MP: 26/26
 26785 | Elf:1    | Identified the Incunabulum of Battle Magic
 26807 | Elf:1    | Found Buohoaza's General Store.
 27279 | Elf:2    | Found Kuerph's General Store.
 27289 | Elf:2    | Bought a potion of agility for 84 gold pieces
 27464 | Elf:2    | Found Fyma's Gadget Shop.
 27485 | Elf:2    | Found Kurar's Assorted Antiques.
 27564 | Elf:2    | Found a runed gate.
 27564 | Elf:2    | Found a runed gate.
 27568 | Elf:2    | Reached skill level 17 in Axes
 27576 | Elf:2    | Found a runed gate.
 27857 | Elf:2    | Noticed a deep elf blademaster
 28309 | Elf:2    | Killed a deep elf blademaster
 28544 | Elf:3    | Entered Level 3 of the Elven Halls
 28949 | Elf:3    | Reached skill level 1 in Charms
 29361 | Elf:3    | Reached XP level 19. HP: 138/149 MP: 28/28
 29684 | D:13     | Found Juomuddu's General Store.
 29925 | D:13     | Found a gate to the Vaults.
 30705 | D:14     | Found Zyfikk's Pet Rocks.
 31312 | D:15     | Entered Level 15 of the Dungeon
 31515 | D:15     | Got a scorched blowgun
 31516 | D:15     | Identified the +7 blowgun "Orb Guardian's Regret" {evade, +Blink Stlth+} (You found it on level 15 of the Dungeon)
 31554 | D:15     | Noticed Nessos
 31560 | D:15     | Killed Nessos
 31561 | D:15     | Reached skill level 5 in Charms
 31696 | D:15     | Found Gysch's Distillery.
 32328 | D:15     | Found a staircase to the Depths.
 32354 | Depths:1 | Entered Level 1 of the Depths
 32375 | Depths:1 | Reached skill level 18 in Axes
 32730 | Depths:1 | Reached XP level 20. HP: 138/158 MP: 29/29
 32750 | Depths:1 | Noticed Lovchig's ghost (journeyman DDFi)
 32798 | Depths:1 | Killed Lovchig's ghost
 32821 | Depths:1 | Identified a scroll of acquirement
 33048 | Depths:1 | Found a gateway to Hell.
 33938 | Depths:2 | Noticed Nikola
 33971 | Depths:2 | Killed from afar by a frost giant

Skill      XL: |  1  2  3  4  5  6  7  8  9 10 11 12 13 14 15 16 17 18 19 20 |
---------------+-------------------------------------------------------------+-----
Shields        | 4 5 7 8 9 |  9.0
Axes           | 3 4 5 7 8 9 10 11 12 14 15 16 17 18 | 18.5
Armour         | 4 5 6 7 8 9 10 11 12 13 14 | 14.7
Fighting       | 4 5 6 7 8 9 10 11 12 13 14 | 14.3
Dodging        | 1 2 3 5 6 7 8 9 10 11 | 11.8
Throwing       | 3 5 6 7 8 9 10 11 | 11.8
Invocations    | 3 5 7 9 10 11 12 | 12.2
Charms         | 2 6 7 |  7.0

Action                   |  1- 3 |  4- 6 |  7- 9 | 10-12 | 13-15 | 16-18 | 19-21 || total
-------------------------+-------+-------+-------+-------+-------+-------+-------++-------
Melee: War axe           |   133 |   169 |   585 |   751 |  1541 |  1269 |   901 ||  5349
       Scimitar          |       |       |       |       |    20 |       |       ||    20
       Battleaxe         |       |       |       |       |       |       |   113 ||   113
 Fire: Blowgun           |       |       |       |     8 |    11 |     6 |       ||    25
Throw: Javelin           |       |       |     2 |     1 |       |     3 |       ||     6
       Tomahawk          |       |       |       |     4 |     5 |       |     2 ||    11
       Throwing net      |       |       |       |     1 |       |       |       ||     1
 Cast: Repel Missiles    |       |       |       |       |       |       |     2 ||     2
       Regeneration      |       |       |       |       |       |       |     1 ||     1
Invok: Bend Time         |       |       |     2 |       |     1 |     6 |     3 ||    12
       Step From Time    |       |       |       |       |     1 |     1 |     3 ||     5
       Slouch            |       |       |       |       |       |     3 |     3 ||     6
       Temporal Distorti |       |       |       |       |       |       |     1 ||     1
 Abil: Dig               |       |     7 |    24 |    16 |    16 |    18 |     5 ||    86
       Shaft Self        |       |       |       |     1 |     2 |       |       ||     3
Evoke: Wand              |       |       |       |       |       |       |     2 ||     2
  Use: Scroll            |       |     4 |       |    11 |    14 |     2 |    10 ||    41
       Potion            |       |       |     1 |     1 |     2 |     1 |     1 ||     6
 Stab: Distracted        |       |       |     1 |       |       |       |       ||     1
       Held in net/web   |       |       |       |     1 |       |       |       ||     1
  Eat: Chunk             |     2 |     4 |    17 |    14 |     8 |    14 |     5 ||    64
       Pizza             |       |       |     1 |       |     4 |       |       ||     5
       Beef jerky        |       |       |       |       |     3 |       |     3 ||     6
       Meat ration       |       |       |       |       |     1 |     1 |     1 ||     3
       Royal jelly       |       |       |       |       |       |     1 |       ||     1
       Fruit             |       |       |       |       |       |       |     2 ||     2
Armor: Scale mail        |    43 |    49 |   131 |    28 |       |       |       ||   251
       Plate armour      |       |       |       |   105 |       |       |       ||   105
       Pearl dragon armo |       |       |       |    17 |   237 |   153 |   177 ||   584
Dodge: Dodged            |    40 |    31 |   165 |   198 |   637 |   403 |   515 ||  1989
       Deflected         |       |       |       |       |       |       |     3 ||     3
Block: Shield            |    77 |    74 |   337 |   494 |  1005 |   829 |   920 ||  3736
       Reflection        |       |       |       |       |       |    70 |    74 ||   144
